AoeStats
← Dani_AOE2

Arena

509316666Analyzed
4v4 RM · 6d ago on Sep 26, 2026· 31m 40s· 8 players
Game mode
Random Map
Map size
Large (8 player)
Population
200
Speed
Normal
Resources
Standard
Victory
Conquest
Starting age
Dark Age
Ending age
Imperial Age
RankedLock teamsTeams togetherTeam positionsShared explorationLock speedFull tech treeHidden civsTurbo modeCheats
Victory
Defeat
🇨🇳 Koreans · China
1502
+14
🇦🇺 Italians · Australia
1402
+18
🇨🇳 Saxons · China
1337
+20
🇨🇳 Slavs · China
1334
+20
🇳🇱 Mongols · Netherlands
1496
-20
🇨🇳 Britons · China
1488
-20
🇨🇳 Poles · China
1458
-19
🇨🇳 Varangians · China
1315
-13
苟住
10:35 Feudal Age
12:12 Fletching
16:19 Loom
18:10 Double-Bit Axe
18:43 Horse Collar
23:48 Castle Age
24:56 Scale Mail Armor
24:57 Pikeman
25:50 Forging
26:45 Heavy Plow
27:39 Bodkin Arrow
29:53 Chain Mail Armor
30:45 Padded Archer Armor
31:32 Wheelbarrow
斩邪留正
9:32 Feudal Age
13:19 Castle Age
11:20 Double-Bit Axe
12:06 Horse Collar
14:30 Wheelbarrow
14:12 Bow Saw
21:14 Wheelbarrow
23:37 Hand Cart
23:13 Town Watch
23:16 Loom
29:34 Imperial Age
28:27 Forging
28:22 Scale Barding Armor
30:18 Iron Casting
29:39 Gold Mining
30:14 Squires
30:46 Conscription
29:50 Elite Varangian Guard
Dani_AOE2
10:54 Feudal Age
12:08 Double-Bit Axe
12:06 Horse Collar
14:49 Castle Age
12:58 Stone Mining
13:11 Gold Mining
15:01 Fletching
16:52 Loom
23:10 Padded Archer Armor
24:47 Scale Mail Armor
24:59 Forging
26:52 Bodkin Arrow
27:58 Wheelbarrow
28:44 Leather Archer Armor
30:12 Bow Saw
MrFUNAN
11:40 Feudal Age
12:12 Double-Bit Axe
15:15 Castle Age
13:49 Horse Collar
25:17 Wheelbarrow
29:42 Imperial Age
28:44 Fletching
29:14 Padded Archer Armor
29:38 Gold Mining
29:38 Stone Mining
30:45 Bodkin Arrow
30:13 Crossbowman
钢铁猫
10:26 Feudal Age
11:06 Double-Bit Axe
14:07 Castle Age
12:28 Horse Collar
15:04 Heavy Plow
17:30 Wheelbarrow
20:40 Bow Saw
22:27 Hand Cart
22:10 Gold Mining
23:36 Loom
23:36 Town Watch
28:28 Imperial Age
26:09 Scale Mail Armor
26:21 Squires
27:30 Forging
28:05 Gambesons
28:08 Arson
28:40 Chain Mail Armor
28:38 Elite Varangian Guard
29:57 Plate Mail Armor
28:56 Shield Wall
执者如旗
5:04 Loom
10:09 Feudal Age
14:07 Castle Age
12:23 Double-Bit Axe
16:49 Wheelbarrow
19:56 Bow Saw
19:29 Horse Collar
20:31 Scale Barding Armor
24:47 Heavy Plow
26:02 Hand Cart
29:19 Imperial Age
27:38 Forging
27:44 Bloodlines
27:34 Husbandry
28:37 Chain Barding Armor
29:53 Iron Casting
30:42 Plate Barding Armor
30:10 Gold Mining
29:54 Cavalier
钓鱼佬
5:32 Loom
8:08 Feudal Age
8:50 Double-Bit Axe
9:28 Fletching
14:52 Horse Collar
22:00 Castle Age
22:36 Bodkin Arrow
30:52 Wheelbarrow
Noob ai
10:24 Feudal Age
10:46 Loom
11:10 Double-Bit Axe
14:08 Castle Age
12:40 Horse Collar
15:32 Fletching
19:14 Wheelbarrow
25:39 Imperial Age
23:38 Stone Mining
23:43 Gold Mining
24:54 Bow Saw
25:34 Town Watch
28:19 Chemistry
28:53 Padded Archer Armor
29:08 Hand Cart
Connection lost

Rejoining the realm…

Still unreachable

The connection could not be restored.

Session expired

The server has moved on; the page needs a fresh start.